 Dungeon Crawl Stone Soup version 0.30-a0-575-g6f4a10e2d2 (webtiles) character file.

Game seed: 7819833803755550344

114 M4edhros the Charlatan (level 4, -2/29 HPs)
             Began as an Octopode Artificer on Dec 30, 2022.
             Slain by a gnoll
             ... wielding a +0 spear
              (5 damage)
             ... on level 4 of the Dungeon.
             The game lasted 00:01:25 (425 turns).

M4edhros the Charlatan (Octopode Artificer)          Turns: 425, Time: 00:01:25

Health: -2/29      AC:  1    Str: 11    XL:     4   Next: 98%
Magic:  4/4        EV: 14    Int: 13    God:
Gold:   16         SH:  0    Dex: 14    Spells: 3/3 levels left

rFire   . . .      SeeInvis .      - Unarmed
rCold   . . .      Faith    .    (no shield)
rNeg    . . .      Spirit   .    (helmet restricted)
rPois   .          Reflect  .    (no amulet)
rElec   .          Harm     .    (no ring)
rCorr   .          Rampage  .    (no ring)
Will    .....                    (no ring)
Stlth   +++                      (no ring)
HPRegen 0.24/turn                (no ring)
MPRegen 0.09/turn                (no ring)
                                 (no ring)
                                 (no ring)

@: lethally poisoned (-2 -> -5)
A: almost no armour, amphibious, 8 rings, camouflage 1, gelatinous body 1,
(nimble swimmer 1), tentacles
a: no special abilities


You were on level 4 of the Dungeon.
You visited 1 branch of the dungeon, and saw 5 of its levels.

You collected 16 gold pieces.

Inventory:

Missiles
 e - 4 poisoned darts
Wands
 b - a wand of flame (13) (quivered)
 c - a wand of charming (5)
 d - a wand of iceblast (4)
Scrolls
 f - a scroll of amnesia {unknown}
Potions
 a - 2 potions of curing {unknown}
 g - a potion of heal wounds {unknown}


   Skills:
 + Level 2.0 Fighting
 + Level 2.9 Dodging
 + Level 2.9 Stealth
 * Level 2.3 Unarmed Combat
 + Level 3.8 Evocations


You had 3 spell levels left.
You didn't know any spells.
Your spell library was empty.

Dungeon Overview and Level Annotations

Branches:
Dungeon (5/15)
 Temple: D:4-7

Altars:

Shops:
D:2 (


Innate Abilities, Weirdness & Mutations

You cannot wear most types of armour.
You are amphibious.
You can wear up to eight rings at the same time.
Your skin changes colour to match your surroundings (Stealth+).
Your rubbery body absorbs attacks. (AC +1, EV +1)
((You are camouflaged when in or above water. (Stealth+)))
You have tentacles for arms and can constrict up to eight enemies at once.


Message History

You feel sick.
Your gnoll barely misses the black bear.
Your Fighting skill increases to level 2!
Your Unarmed Combat skill increases to level 2!
Okay, then.
Aiming: Charm
Press: ? - help, Shift-Dir - straight line, f - black bear
Aim: a black bear (ally target, chance to affect: 59%)
The black bear resists with significant effort.
You feel sick.
Your gnoll hits the black bear from afar with a +0 halberd!
Aiming: Charm
Press: ? - help, Shift-Dir - straight line, f - black bear
Aim: a black bear (moderately wounded, ally target, chance to affect: 59%)
The black bear resists with significant effort.
You feel sick.
Your gnoll barely misses the black bear.
The black bear barely misses you.
The black bear claws you but does no damage.
The black bear claws you.
* * * LOW HITPOINT WARNING * * *
Aiming: Charm
Press: ? - help, Shift-Dir - straight line, f - black bear
Aim: a black bear (moderately wounded, ally target, chance to affect: 59%)
The black bear resists with significant effort.
You feel sick.
Your gnoll barely misses the black bear.
The black bear barely misses you. The black bear claws you.
* * * LOW HITPOINT WARNING * * *
The black bear claws you.
* * * LOW HITPOINT WARNING * * *
The gnoll completely misses you.
Aiming: Charm
Press: ? - help, Shift-Dir - straight line, f - black bear
Aim: a black bear (moderately wounded, ally target, chance to affect: 59%)
The black bear resists with significant effort.
* * * LOW HITPOINT WARNING * * *
You feel sick.
The gnoll hits you from afar with a +0 spear.
You die...

###########
#.........#
#.....)...#
#...@.)g..#
####....hg().##
#>........))..######
#..........)........
#.##.....####.######
#.######## .#### #.#
...... #.#
..$....#### ...
.......#..#


You could see a black bear (ally target), a gnoll and a friendly gnoll
(charmed).

Vanquished Creatures
  A scorpion (D:4)
  2 gnolls (D:4)
  An adder (D:5)
  An orc (D:4)
  A giant cockroach (D:2)
  3 goblins
  2 hobgoblins
  2 ball pythons
  A frilled lizard (D:1)
  2 rats
16 creatures vanquished.

Vanquished Creatures (collateral kills)
  An adder (D:4)
  3 orcs (D:4)
4 creatures vanquished.

Grand Total: 20 creatures vanquished

Notes
Turn   | Place    | Note
-------+----------+-------------------------------------------
     0 | D:1      | M4edhros the Octopode Artificer began the quest for the
                  | Orb.
     0 | D:1      | Reached XP level 1. HP: 13/13 MP: 1/1
   133 | D:2      | Found Zovvurghest's Weapon Emporium.
   185 | D:2      | Reached XP level 2. HP: 14/18 MP: 2/2
   328 | D:4      | You fall into a shaft and drop 1 floor!
   328 | D:5      | Entered Level 5 of the Dungeon
   333 | D:5      | Noticed a wight
   333 | D:5      | Noticed a wight
   368 | D:5      | Reached skill level 1 in Unarmed Combat
   378 | D:4      | Noticed a scorpion
   395 | D:4      | Reached XP level 3. HP: 23/23 MP: 3/3
   410 | D:4      | Noticed a black bear
   419 | D:4      | Reached XP level 4. HP: 23/29 MP: 4/4
   421 | D:4      | Killed a scorpion
   425 | D:4      | Slain by a gnoll

Illustrated notes

Levels and vault maps discovered:
D:1:      denvon_arrival_planthouse, layout_rooms,
          shapermc_ecumenical_altar_hornbeckon
D:2:      layout_rooms, basic_altar, serial_shops, nicolae_lakefront_shop,
          feat_on_display
D:3:      layout_loops_ring, minmay_diced_spiral
D:4:      layout_basic, uniq_crazy_yiuf_cottage, uniq_robin
D:5:      lemuel_castle_with_subvaults [lemuel_castle_interior_original],
          layout_basic

Skill      XL: |  1  2  3  4 |
---------------+-------------+-----
Stealth        | 2 |  2.9
Unarmed Combat | 1 2 |  2.3
Fighting       | 2 |  2.0
Dodging        | |  2.9
Evocations     | |  3.8

Action                   |  1- 3 |  4- 6 || total
-------------------------+-------+-------++-------
Melee: Unarmed           |    37 |     1 ||    38
       Constrict         |    10 |       ||    10
       Tentacles         |     4 |       ||     4
       Punch             |     1 |       ||     1
Evoke: Wand              |     7 |     6 ||    13
 Stab: Sleeping          |     3 |       ||     3
Armor: Skin              |     1 |     1 ||     2
Dodge: Dodged            |    30 |     4 ||    34

Table legend: (Time is in decaauts)
 A = Elapsed time spent in this place.
 B = Non-inter-level travel time spent in this place.
 C = Inter-level travel time spent in this place.
 D = Time resting spent in this place.
 E = Time spent auto-exploring this place.
 F = Levels seen in this place.
 G = Mean time per level.
                   A        B        C        D        E       F      G
               +--------+--------+--------+--------+--------+-----+--------+
         Total |    423 |    366 |     57 |     60 |    131 |   5 |   84.6 |
       Dungeon |    423 |    366 |     57 |     60 |    131 |   5 |   84.6 |
               +--------+--------+--------+--------+--------+-----+--------+

Top non-repeatable levels by time:
     D:3: 135 daAuts
     D:1: 127 daAuts
     D:2: 64 daAuts
     D:5: 49 daAuts
     D:4: 46 daAuts
